 Dungeon Crawl Stone Soup version 0.27.1-3-gb3d3a73c9e (webtiles) character file.

Game seed: 15060444914053407728

6 Descartes the Vexing (level 1, -2/9 HPs)
             Began as a Spriggan Arcane Marksman on Oct 18, 2021.
             Slain by a hobgoblin (4 damage)
             ... on level 1 of the Dungeon.
             The game lasted 00:01:02 (119 turns).

Descartes the Vexing (Spriggan Arcane Marksman)      Turns: 119, Time: 00:01:02

Health: -2/9       AC:  2    Str:  6    XL:     1   Next: 75%
Magic:  4/4        EV: 17    Int: 14    God:
Gold:   15         SH:  0    Dex: 15    Spells: 2/3 levels left

rFire    . . .     SeeInvis +   b - +0 short sword
rCold    . . .     Faith    .   (shield restricted)
rNeg     . . .     Spirit   .   d - +0 robe
rPois    .         Reflect  .   (helmet restricted)
rElec    .         Harm     .   (no cloak)
rCorr    .         Rampage  .   (gloves unavailable)
Will     .....                  (boots unavailable)
Stlth    ++........             (no amulet)
HPRegen  0.03/turn              (no ring)
MPRegen  0.09/turn              (no ring)

@: very quick
A: very small, no large weapons, unfitting armour, see invisible, speed 3
a: no special abilities


You were on level 1 of the Dungeon.
You visited 1 branch of the dungeon, and saw 1 of its levels.

You collected 15 gold pieces.

Inventory:

Hand Weapons
 a - a +0 hunting sling
 b - a +0 short sword (weapon)
Armour
 d - a +0 robe (worn)
Scrolls
 e - a scroll of amnesia {unknown}
 f - a scroll of blinking {unknown}
Potions
 g - a potion of resistance {unknown}
 h - a potion of heal wounds {unknown}


   Skills:
 - Level 0.7 Fighting
 + Level 2.5 Slings
 + Level 2.8 Dodging
 * Level 1.1 Stealth
 + Level 1.5 Spellcasting
 + Level 3.7 Hexes


You had 2 spell levels left.
You knew the following spells:

 Your Spells              Type           Power      Damage    Failure   Level
a - Corona                Hex            12%        N/A       5%          1

Your spell library contained the following spells:

 Spells                   Type           Power      Damage    Failure   Level
 Slow                     Hex            11%        N/A       9%          2
 Inner Flame              Hex/Fire       6%         N/A       34%         3
 Portal Projectile        Hex/Tloc       12%        N/A       34%         3
 Cause Fear               Hex            5%         N/A       47%         4


Dungeon Overview and Level Annotations

Branches:
Dungeon (1/15)

Altars:


Innate Abilities, Weirdness & Mutations

You are very small and have problems with some larger weapons.
You are too small for most types of armour.
You have supernaturally acute eyesight. (SInv)
You cover ground extremely quickly. (Speed+++)


Message History

You do not have any ammo quivered for your +0 hunting sling.
You do not have any ammo quivered for your +0 hunting sling.
You do not have any ammo quivered for your +0 hunting sling.
You do not have any ammo quivered for your +0 hunting sling.
You do not have any ammo quivered for your +0 hunting sling.
You do not have any ammo quivered for your +0 hunting sling.
You do not have any ammo quivered for your +0 hunting sling.
You do not have any ammo quivered for your +0 hunting sling.
You do not have any ammo quivered for your +0 hunting sling.
You do not have any ammo quivered for your +0 hunting sling.
You do not have any ammo quivered for your +0 hunting sling.
You do not have any ammo quivered for your +0 hunting sling.
You do not have any ammo quivered for your +0 hunting sling.
You do not have any ammo quivered for your +0 hunting sling.
You do not have any ammo quivered for your +0 hunting sling.
You do not have any ammo quivered for your +0 hunting sling.
b - a +0 short sword (weapon)
You see here a +0 club.
You barely miss the hobgoblin. The hobgoblin hits you.
You are too injured to fight recklessly!
You are too injured to fight recklessly!
You are too injured to fight recklessly!
You are too injured to fight recklessly!
You are too injured to fight recklessly!
You are too injured to fight recklessly!
You are too injured to fight recklessly!
You are too injured to fight recklessly!
You are too injured to fight recklessly!
You are too injured to fight recklessly!
You are too injured to fight recklessly!
You are too injured to fight recklessly!
You hit the hobgoblin but do no damage. The hobgoblin closely misses you.
You completely miss the hobgoblin. The hobgoblin hits you.
* * * LOW HITPOINT WARNING * * *
You barely miss the hobgoblin. The hobgoblin closely misses you.
The hobgoblin barely misses you.
You barely miss the hobgoblin. The hobgoblin misses you.
You hit the hobgoblin but do no damage. The hobgoblin misses you.
You completely miss the hobgoblin. The hobgoblin hits you.
You die...

....#+#....# . #....#
###..# #..##########
#............
#........(#####
###........(.....
#.......g....##
#.#......@...#####.
.8.#................ ...
#........).##### #.# ###
#...........# #.##.#
#...........####.##.#
#..$..........##.##.####
########.#..#.##.##....#
###.#..#.##.##.#...
.(.(.......#.##.#...


You could see a hobgoblin.

Vanquished Creatures
  2 goblins (D:1)
  A hobgoblin (D:1)
  A kobold (D:1)
  A bat (D:1)
5 creatures vanquished.

Notes
Turn   | Place    | Note
-------+----------+-------------------------------------------
     0 | D:1      | Descartes the Spriggan Arcane Marksman began the quest for
                  | the Orb.
     0 | D:1      | Reached XP level 1. HP: 9/9 MP: 3/3
    42 | D:1      | Reached skill level 1 in Stealth
   119 | D:1      | Slain by a hobgoblin

Illustrated notes

Levels and vault maps discovered:
D:1:      scummos_arrival_forest, layout_basic,
          dreamdust_ecumenical_altar_angels_and_demons, dk_noncrumbling_3

Skill      XL: |  1 |
---------------+----+-----
Stealth        | 1 |  1.1
Fighting       | |  0.7
Slings         | |  2.5
Dodging        | |  2.8
Spellcasting   | |  1.5
Hexes          | |  3.7

Action                   || total
-------------------------++-------
Melee: Short sword       ||     7
 Fire: Hunting sling     ||    30
Armor: Robe              ||     2
Dodge: Dodged            ||    11
